 Dungeon Crawl Stone Soup version 0.28-a0-1435-g82390b3a13 (webtiles) character file.

Game seed: 11090188447982281580

1757 horus123 the Thaumaturge (level 8, 0/41 HPs)
             Began as a Deep Elf Conjurer on Jan 9, 2022.
             Slain by a centaur (2 damage)
             ... on level 5 of the Dungeon.
             The game lasted 00:17:29 (6408 turns).

horus123 the Thaumaturge (Deep Elf Conjurer)        Turns: 6408, Time: 00:17:29

Health: 0/41       AC: 11    Str:  4    XL:     8   Next: 79%
Magic:  21/25      EV: 12    Int: 26    God:
Gold:   869        SH:  0    Dex: 13    Spells: 10/29 levels left

rFire   . . .      SeeInvis .   h - staff of cold
rCold   + + .      Faith    .   (no shield)
rNeg    . . .      Spirit   .   a - +0 robe
rPois   .          Reflect  .   (no helmet)
rElec   +          Harm     .   f - +0 cloak
rCorr   .          Rampage  .   (no gloves)
Will    .....                   (no boots)
Stlth   ++........              (no amulet)
HPRegen 0.13/turn               i - ring "Nuoloc" {Fly rElec rC+ AC+4}
MPRegen 0.19/turn               l - +4 ring of protection

@: flying
A: no striking features
a: no special abilities


You were on level 5 of the Dungeon.
You visited 1 branch of the dungeon, and saw 5 of its levels.

You collected 869 gold pieces.

Inventory:

Hand Weapons
 e - a +4 quarterstaff of chaos
Armour
 a - a +0 robe (worn)
 d - a +0 tower shield
 f - a +0 cloak (worn)
Magical Staves
 c - a staff of earth
 h - a staff of cold (weapon)
Jewellery
 i - the ring "Nuoloc" (left hand) {Fly rElec rC+ AC+4}
   (You found it on level 3 of the Dungeon)

   [ring of protection]

   AC:        It affects your AC (+4).
   rC:        It protects you from cold.
   rElec:     It insulates you from electricity.
   Fly:       It grants you flight.
 k - a ring of see invisible
 l - a +4 ring of protection (right hand)
 m - a ring of protection from fire
 u - an amulet of guardian spirit
Wands
 v - a wand of iceblast (2)
 y - a wand of flame (13)
Scrolls
 o - a scroll of holy word
 q - a scroll of summoning {unknown}
 r - 2 scrolls of identify
 s - a scroll of enchant weapon
 t - a scroll of teleportation
Potions
 b - a potion of mutation {unknown}
 g - a potion of might
 j - a potion of cancellation {unknown}
 n - a potion of attraction {unknown}
 p - a potion of invisibility {unknown}
 w - a potion of degeneration {unknown}
 x - 2 potions of curing
 z - a potion of lignification {unknown}


   Skills:
 - Level 2.4 Dodging
 - Level 2.4 Stealth
 - Level 11.1 Spellcasting
 + Level 6.3 Conjurations
 - Level 5.0 Hexes
 - Level 5.4 Translocations


You had 10 spell levels left.
You knew the following spells:

 Your Spells              Type           Power      Damage    Failure   Level
a - Magic Dart            Conj           100%       1d8       1%          1
b - Searing Ray           Conj           94%        2d7       1%          2
c - Dazzling Flash        Conj/Hex       88%        N/A       1%          3
d - Fulminant Prism       Conj/Hex       22%        3d13      4%          4
e - Iskenderun's Mystic   Conj/Tloc      45%        2d10      3%          4
f - Passwall              Tmut/Erth      11%        N/A       6%          2
g - Swiftness             Air            14%        N/A       12%         3

Your spell library contained the following spells:

 Spells                   Type           Power      Damage    Failure   Level


Dungeon Overview and Level Annotations

Branches:
Dungeon (5/15)
 Temple: D:4-7

Altars:


Message History

a +0 mace; a +0 robe You see here a scorpion corpse.
You see here 23 arrows.
You now have 869 gold pieces (gained 6).
A centaur comes into view.
It is wielding a +0 short sword and carrying a wand of acid (13).
The centaur moves out of view.
The centaur unwields a +0 short sword.
The centaur wields a +0 shortbow.
The centaur shoots an arrow.
The arrow hits you!
Casting: Searing Ray (safe; 1% risk of failure)
Confirm with . or Enter, or press ? or * to list all spells.
Aiming: Searing Ray (safe; 1% risk of failure)
Press: ? - help, Shift-Dir - straight line, f - centaur
Aim: a centaur, wielding a +0 shortbow, wearing a ring of protection from cold, quivering arrows and carrying a wand of acid (13) (89% to hit)
The searing ray hits the centaur.
The centaur is moderately wounded. (Press . to maintain the ray.)
The centaur unwields a +0 shortbow.
The centaur wields a +0 short sword.
The centaur hits you but does no damage.
The centaur kicks you but does no damage.
The searing ray misses the centaur.
The centaur zaps a wand.
The bolt of acid hits you!!
Ouch! That really hurt!
* * * LOW HITPOINT WARNING * * *
The centaur hits you with a +0 short sword.
* * * LOW HITPOINT WARNING * * *
The centaur kicks you but does no damage.
The searing ray hits the centaur.
The centaur is heavily wounded.
The centaur hits you with a +0 short sword.
* * * LOW HITPOINT WARNING * * *
The centaur kicks you but does no damage.
Aiming: Iceblast
Press: ? - help, Shift-Dir - straight line, p - centaur The mass of ice explodes!
The iceblast engulfs the centaur.
The centaur partially resists.
The centaur is severely wounded.
The centaur closely misses you.
The centaur kicks you but does no damage.
The centaur hits you with a +0 short sword.
You die...

#..###....... ###.#
##.##... ###...# ####...
#....## #.... ####.....###
##... #..........## #...
#...........####...
##....##....##...... #####
##..@................
......#..##c[...)..........
.............[).#.........#
####....c....#####........#
##.........# ####....##
#..........# #...##
#..........# #...###
#........... ###..##
........c.... ...#...##


You could see a centaur.

Vanquished Creatures
  Edmund (D:4)
  A black bear (D:5)
  2 necrophages (D:5)
  3 ogres
  A phantom (D:4)
  A wyvern zombie (D:5)
  3 scorpions
  A water moccasin skeleton (D:3)
  A jelly (D:5)
  2 hounds (D:4)
  An orc priest (D:5)
  Crazy Yiuf (D:2)
  2 centaur skeletons
  A gnoll shaman (D:5)
  Jessica (D:3)
  Terence (D:2)
  4 iguanas
  4 orc wizards
  2 hound zombies
  2 hound skeletons
  A howler monkey zombie (D:3)
  7 adders
  5 gnolls
  A white imp (D:5)
  An ufetubus (D:4)
  An adder skeleton (D:5)
  A worm (D:4)
  2 dart slugs (D:1)
  17 orcs
  3 ball pythons
  4 endoplasms
  A giant cockroach (D:1)
  6 goblins
  4 hobgoblins
  2 jackals (D:4)
  4 quokkas
  2 ball python zombies (D:3)
  3 bats (D:1)
  A frilled lizard (D:1)
  A giant cockroach zombie (D:3)
  A jackal zombie (D:3)
  3 kobolds
  A quokka zombie (D:3)
  4 rats
111 creatures vanquished.

Vanquished Creatures (others)
  2 orcs (D:5)
  3 fulminant prisms
5 creatures vanquished.

Grand Total: 116 creatures vanquished

Notes
Turn   | Place    | Note
-------+----------+-------------------------------------------
     0 | D:1      | horus123 the Deep Elf Conjurer began the quest for the Orb.
     0 | D:1      | Reached XP level 1. HP: 10/10 MP: 6/6
   439 | D:1      | Reached skill level 4 in Spellcasting
   439 | D:1      | Reached XP level 2. HP: 15/15 MP: 5/9
   442 | D:1      | Learned a level 2 spell: Searing Ray
   656 | D:1      | You fall into a shaft and drop 1 floor!
   656 | D:2      | Noticed Terence
   660 | D:2      | Killed Terence
   661 | D:2      | Reached skill level 5 in Conjurations
   661 | D:2      | Reached XP level 3. HP: 15/19 MP: 4/10
   711 | D:2      | Learned a level 3 spell: Dazzling Flash
  1172 | D:1      | Reached skill level 1 in Hexes
  1412 | D:2      | Found a faded altar of an unknown god.
  1779 | D:2      | Reached XP level 4. HP: 24/24 MP: 9/12
  1886 | D:2      | Found a runed translucent door.
  1887 | D:2      | Noticed Crazy Yiuf
  1893 | D:2      | Killed Crazy Yiuf
  2020 | D:2      | Learned a level 4 spell: Fulminant Prism
  2242 | D:2      | Reached XP level 5. HP: 28/28 MP: 7/13
  2244 | D:2      | Reached skill level 5 in Hexes
  2527 | D:3      | Noticed Jessica
  2528 | D:3      | Killed Jessica
  2529 | D:3      | Reached skill level 5 in Spellcasting
  2567 | D:3      | Learned a level 4 spell: Iskenderun's Mystic Blast
  2578 | D:3      | Identified the ring "Nuoloc" {Fly rElec rC+ AC+4}
  2893 | D:3      | Reached XP level 6. HP: 29/32 MP: 8/16
  2950 | D:3      | Identified the +6 spear of Funiec {antimagic, *Slow rC+
                  | Will+}
  3108 | D:3      | Reached skill level 6 in Spellcasting
  3555 | D:4      | Reached skill level 1 in Translocations
  3903 | D:4      | Learned a level 2 spell: Passwall
  3913 | D:4      | Noticed Edmund
  3926 | D:4      | HP: 1/32 [Edmund (2)]
  4067 | D:4      | Killed Edmund
  4068 | D:4      | Reached XP level 7. HP: 20/36 MP: 11/18
  4078 | D:4      | Reached skill level 5 in Translocations
  4589 | D:4      | Identified a scroll of acquirement
  4589 | D:4      | Acquired 667 gold pieces
  4817 | D:5      | Entered Level 5 of the Dungeon
  4822 | D:5      | Reached skill level 7 in Spellcasting
  5052 | D:5      | Reached skill level 8 in Spellcasting
  5100 | D:5      | Reached XP level 8. HP: 35/41 MP: 10/22
  5105 | D:5      | Reached skill level 9 in Spellcasting
  5380 | D:5      | Learned a level 3 spell: Swiftness
  5476 | D:5      | Reached skill level 10 in Spellcasting
  5945 | D:5      | Reached skill level 11 in Spellcasting
  6407 | D:5      | HP: 2/41 [centaur (6)]
  6408 | D:5      | Slain by a centaur

Illustrated notes

Levels and vault maps discovered:
D:1:      roderic_octagonal_star, layout_loops_corners, st_stairs_14
D:2:      layout_rooms, nicolae_ecumenical_oubliette, uniq_crazy_yiuf_cottage,
          uniq_terence
D:3:      layout_basic, serial_undead, serial_undead_f, serial_undead_a,
          serial_undead_a, serial_undead_e, serial_undead_a, serial_undead_f,
          serial_undead_c, serial_undead_b,
          nicolae_concentric_dashed_squares_wild, minmay_distorted, uniq_jessica
D:4:      layout_rooms, uniq_edmund
D:5:      layout_cave_pools, minmay_joined_circles

Skill      XL: |  1  2  3  4  5  6  7  8 |
---------------+-------------------------+-----
Spellcasting   | 4 5 6 8 11 | 11.1
Conjurations   | 5 6 |  6.3
Hexes          | 2 4 5 |  5.0
Translocations | 4 5 |  5.4
Dodging        | |  2.4
Stealth        | |  2.4

Action                   |  1- 3 |  4- 6 |  7- 9 || total
-------------------------+-------+-------+-------++-------
 Cast: Magic Dart        |    41 |    99 |   102 ||   242
       Searing Ray       |     2 |    14 |    30 ||    46
       Fulminant Prism   |       |     2 |     1 ||     3
Evoke: Wand              |       |       |     1 ||     1
  Use: Scroll            |     4 |     8 |     2 ||    14
       Potion            |       |     2 |       ||     2
Armor: Robe              |     2 |    10 |    33 ||    45
Dodge: Dodged            |     5 |    24 |    45 ||    74

Table legend: (Time is in decaauts)
 A = Elapsed time spent in this place.
 B = Non-inter-level travel time spent in this place.
 C = Inter-level travel time spent in this place.
 D = Time resting spent in this place.
 E = Time spent auto-exploring this place.
 F = Levels seen in this place.
 G = Mean time per level.
                   A        B        C        D        E       F      G
               +--------+--------+--------+--------+--------+-----+--------+
         Total |   6412 |   6258 |    154 |   1605 |   3663 |   5 | 1282.4 |
       Dungeon |   6412 |   6258 |    154 |   1605 |   3663 |   5 | 1282.4 |
               +--------+--------+--------+--------+--------+-----+--------+

Top non-repeatable levels by time:
     D:4: 1542 daAuts
     D:1: 1482 daAuts
     D:3: 1279 daAuts
     D:5: 1197 daAuts
     D:2: 909 daAuts
